 Dungeon Crawl Stone Soup version 0.27.1-34-g3ba077fa99 (webtiles) character file.

Game seed: 12885770108877828543

529 Atelerd the Chiller (level 7, 0/50 HPs)
             Began as a Human Ice Elementalist on Jan 9, 2022.
             Slain by a killer bee (3 damage)
             ... on level 4 of the Dungeon.
             The game lasted 00:06:57 (3768 turns).

Atelerd the Chiller (Human Ice Elementalist)        Turns: 3768, Time: 00:06:57

Health: 0/50       AC:  8    Str:  8    XL:     7   Next: 48%
Magic:  13/13      EV: 12    Int: 18    God:
Gold:   160        SH:  0    Dex: 13    Spells: 7/14 levels left

rFire    . . .     SeeInvis .   d - +3 dagger (pain)
rCold    . . .     Faith    .   (no shield)
rNeg     . . .     Spirit   .   a - +0 robe
rPois    .         Reflect  .   (no helmet)
rElec    .         Harm     .   (no cloak)
rCorr    .         Rampage  .   (no gloves)
Will     .....                  (no boots)
Stlth    ++........             (no amulet)
HPRegen  0.16/turn              (no ring)
MPRegen  0.13/turn              (no ring)

@: mighty, lethally poisoned (0 -> -5), ice-armoured
A: no striking features
a: no special abilities


You were on level 4 of the Dungeon.
You visited 1 branch of the dungeon, and saw 4 of its levels.

You collected 160 gold pieces.

Inventory:

Hand Weapons
 c - a +0 short sword
 d - a +3 dagger of pain (weapon)
 o - a +0 falchion
Armour
 a - a +0 robe (worn)
Scrolls
 e - a scroll of identify
 g - a scroll of enchant weapon
 j - a scroll of enchant armour {unknown}
Potions
 f - a potion of lignification {unknown}
 l - a potion of flight {unknown}


   Skills:
 - Level 2.0 Fighting
 - Level 2.0 Short Blades
 - Level 3.0 Dodging
 - Level 3.0 Stealth
 - Level 4.0 Spellcasting
 + Level 6.0 Ice Magic


You had 7 spell levels left.
You knew the following spells:

 Your Spells              Type           Power      Damage    Failure   Level
a - Freeze                Ice            100%       1d11      1%          1
r - Ozocubu's Armour      Ice            25%        N/A       3%          3
t - Frozen Ramparts       Ice            50%        1d7       3%          3

Your spell library contained the following spells:

 Spells                   Type           Power      Damage    Failure   Level
 Apportation              Tloc           6%         N/A       14%         1
 Corpse Rot               Necr/Air       N/A        N/A       22%         2
 Hailstorm                Conj/Ice       14%        3d5       38%         4
 Dispel Undead            Necr           3%         3d7       82%         4
 Death Channel            Necr           1%         N/A       100%        6


Dungeon Overview and Level Annotations

Branches:
Dungeon (4/15)
 Temple: D:4-7

Altars:
Kikubaaqudgha


Message History

Unknown command.
Casting: Freeze (safe; 1% risk of failure)
Confirm with . or Enter, or press ? or * to list all spells.
Aiming: Freeze (safe; 1% risk of failure)
Press: ? - help, Shift-Dir - straight line, f/p - killer bee
Aim: a killer bee (lightly wounded)
You freeze the killer bee.
The killer bee is lightly wounded.
The killer bee closely misses you. The killer bee stings you.
* * * LOW HITPOINT WARNING * * *
You are poisoned.
The killer bee poisons you!
Casting: Freeze (safe; 1% risk of failure)
Confirm with . or Enter, or press ? or * to list all spells.
Aiming: Freeze (safe; 1% risk of failure)
Press: ? - help, Shift-Dir - straight line, f/p - killer bee
Aim: a killer bee (lightly wounded)
You freeze the killer bee.
The killer bee is moderately wounded.
* * * LOW HITPOINT WARNING * * *
You feel sick. The killer bee barely misses you.
The killer bee stings you but does no damage.
Okay, then.
Casting: Freeze (safe; 1% risk of failure)
Confirm with . or Enter, or press ? or * to list all spells.
You don't have enough magic to cast this spell.
Unknown command.
Unknown command.
Unknown command.
It was a potion of might.
You feel very mighty all of a sudden.
* * * LOW HITPOINT WARNING * * *
You feel sick.
The killer bee stings you but does no damage.
The killer bee stings you.
* * * LOW HITPOINT WARNING * * *
It was a potion of magic.
Magic courses through your body.
* * * LOW HITPOINT WARNING * * *
You feel sick. The killer bee stings you.
You die...

#,+,,,,,,,,,,********* *,,,,,,,..
..#..,,,,....*,,,,,,,***,,,,,,,,.
......,,,.......,,,,,.#*,,,,,,,,.
...#............,,,,#.#*..,,,,,,.
....##(.....$...,,#*..##..,,,,,,,
....#.#..........#.#....#*******.
.....#.##......#*)#.....# #.
......##.#..,.#y##......# #.
......#)#)#..#.#@#......# #.
.y.....#.##..##.#†......# #.
<.y..$..##....##........# #.
y#......................#****###.
....)...................+,,,,....
........##....##........#******#.
.......#.##.y##.#.......# ##
#.....#.#.#..#.#.#......#
#.....##.#....#.##......#########


You could see a killer bee.

Vanquished Creatures
  An ogre (D:4)
  A scorpion (D:4)
  3 killer bees
  An orc priest (D:4)
  A bullfrog skeleton (D:4)
  Terence (D:2)
  An orc wizard (D:2)
  Robin (D:2)
  2 adders
  3 gnolls
  An adder skeleton (D:4)
  A dart slug (D:2)
  10 orcs
  5 ball pythons
  5 bats
  3 endoplasms
  A giant cockroach (D:3)
  15 goblins
  9 hobgoblins
  4 jackals
  5 kobolds (D:1)
  A quokka (D:2)
  A frilled lizard (D:1)
  7 rats
83 creatures vanquished.

Notes
Turn   | Place    | Note
-------+----------+-------------------------------------------
     0 | D:1      | Atelerd the Human Ice Elementalist began the quest for the
                  | Orb.
     0 | D:1      | Reached XP level 1. HP: 13/13 MP: 3/3
   457 | D:1      | Found a faded altar of an unknown god.
   465 | D:1      | Got Plato's Guide on Translocation
   473 | D:1      | Reached XP level 2. HP: 19/19 MP: 5/5
   982 | D:1      | Reached XP level 3. HP: 24/24 MP: 4/6
  1350 | D:2      | Reached XP level 4. HP: 30/31 MP: 1/7
  1354 | D:2      | Learned a level 3 spell: Ozocubu's Armour
  1358 | D:2      | Learned a level 3 spell: Frozen Ramparts
  1366 | D:2      | Noticed Robin
  1385 | D:2      | Killed Robin
  1388 | D:2      | Reached skill level 1 in Fighting
  1492 | D:2      | Reached skill level 1 in Short Blades
  1591 | D:2      | Reached XP level 5. HP: 37/37 MP: 0/8
  2035 | D:2      | Noticed Terence
  2044 | D:2      | Killed Terence
  2137 | D:2      | Found an ancient bone altar of Kikubaaqudgha.
  3209 | D:3      | Reached XP level 6. HP: 43/43 MP: 10/10
  3323 | D:4      | Noticed an ogre
  3332 | D:4      | Killed an ogre
  3471 | D:4      | Reached skill level 5 in Ice Magic
  3477 | D:4      | Reached XP level 7. HP: 40/50 MP: 0/12
  3764 | D:4      | Reached skill level 6 in Ice Magic
  3768 | D:4      | Slain by a killer bee

Illustrated notes

Levels and vault maps discovered:
D:1:      amcnicky_arrival_underground_garden, layout_loops_ring,
          shapermc_ecumenical_altar_rom_forum, due_unseen_surprise
D:2:      layout_basic, basic_altar, uniq_terence, uniq_robin
D:3:      layout_basic, serial_bayou_lagoon_a
D:4:      kennysheep_big_flooded_room, layout_basic, ebering_ghost_sewer_f,
          minmay_misc_feat_secret_circle

Skill      XL: |  1  2  3  4  5  6  7 |
---------------+----------------------+-----
Fighting       | 1 2 |  2.0
Short Blades   | 1 2 |  2.0
Dodging        | 3 |  3.0
Stealth        | 3 |  3.0
Spellcasting   | 3 4 |  4.0
Ice Magic      | 5 6 |  6.0

Action                   |  1- 3 |  4- 6 |  7- 9 || total
-------------------------+-------+-------+-------++-------
Melee: Unarmed           |     3 |       |       ||     3
       Short sword       |     5 |       |       ||     5
       Dagger            |    21 |   113 |    10 ||   144
 Cast: Freeze            |    33 |    31 |    12 ||    76
       Ozocubu's Armour  |       |     5 |     1 ||     6
       Frozen Ramparts   |       |     5 |       ||     5
  Use: Potion            |       |     1 |     4 ||     5
       Scroll            |       |       |     3 ||     3
 Stab: Sleeping          |     1 |     4 |       ||     5
Armor: Robe              |    12 |    37 |    15 ||    64
Dodge: Dodged            |    41 |    69 |    30 ||   140
